cohdb
Replays
Latest Replays
All Replays
Popular Replays
Top Player Replays
Match Explorer
How It Works
Community
CoH3 Stats
Reddit
Sign in to upload your games and track your stats! →
Sign in with Steam
Match 33352418
Unlisted
Match 33352418
Overview
Messages
Build Orders
End
Panzerpioneer Squad
250 Light Carrier
Selects Italian Infantry
250 Light Carrier
Panzergrenadier Squad
Construct Light Support Kompanie
Combat Half-tracks
250 Light Carrier
Fire Support Elements
Flakvierling Half-track
MG34 Team
Selects Guastatori Squad
Assault Mechanized Group
Vehicle Survival Package
Construct Panzerarmee Kommand
Guastatori Squad
Emergency Repair Kits
Guastatori Squad
Selects Registered Artillery
Selects Towed Cannone da 105/28 Field Howitzer
2.5-tonne Medical Truck
Selects Defensive Operations
Registered Artillery
Veteran Squad Leaders
Panzer III L Medium Tank
Panzer III L Medium Tank
Tungsten Core Ammunition
Rapid Advance
Panzer III L Medium Tank
Armored Reserves
Walking Stuka Rocket Launcher
Flakvierling Half-track
Registered Artillery
Selects Prepared Positions
Selects Propaganda War
Guastatori Squad
Propaganda War
iNNo.-
Valieriumborn
Jimmy
bl4ckjack
Dahlian
Mr.Larry.Mx
Blanco
slowdive
0
0
Comments
sign in to comment!
No comments posted yet!